Map: Arctic Dream LE

Players

qqq

  • Race: Zerg Zerg
  • Spawn Location: 11:00

Massa

  • Race: Terran Terran
  • League: Platinum
  • Spawn Location: 12:00

Greywolf - Winner!

  • Race: Protoss Protoss
  • League: Diamond
  • Spawn Location: 6:00

Sefa - Winner!

  • Race: Zerg Zerg
  • League: Platinum
  • Spawn Location: 5:00

VOD

Have the link to the VOD?

Description

Time

  • Played on: April 4, 2021, 5:12 p.m.
  • Length: 9:55
Show
View Real Time Build Order
Export as new Build Order

qqq Zerg 

Build Orders: Hatch First 

Get SALT Encoding   

  12  0:02  Drone  
  13  0:10  Drone  
  14  0:18  Overlord  
  14  0:44  Hatchery  
  13  1:09  Spawning Pool  
  13  1:10  Drone  
  13  1:14  Drone  
  14  1:20  Extractor  
  13  1:25  Drone  
  13  1:26  Drone  
  15  1:41  Drone  
  16  1:50  Drone  
  17  1:57  Queen  
  19  2:03  Queen  
  21  2:15  Drone x2  
  23  2:17  Drone  
  23  2:21  Zergling x2  
  25  2:28  Metabolic Boost  
  25  2:33  Zergling x2  
  25  2:36  Zergling x2  
  27  2:39  Zergling x2  
  28  2:48  Overlord  
  28  2:53  Overlord  
  28  3:01  Overlord  
  28  3:07  Zergling x2  
  28  3:08  Zergling x2  
  29  3:14  Zergling x4  
  29  3:15  Zergling x2  
  32  3:25  Zergling x4  
  32  3:26  Zergling x2  
  34  3:29  Zergling x2  
  33  3:35  Zergling x2  
  33  3:36  Zergling x2  
  33  3:40  Zergling x4  
  35  3:49  Zergling x6  
  35  3:55  Zergling x4  
  40  3:58  Drone  
  41  4:04  Drone x2  
  39  4:36  Zergling x6  
  39  4:37  Drone x3, Zergling x8  
  39  4:38  Drone, Zergling x2  
  46  4:48  Roach Warren  
  40  4:57  Baneling Nest  
  39  5:05  Lair, Evolution Chamber  
  38  5:07  Drone  
  38  5:08  Drone  
  36  5:33  Zergling x6  
  36  5:34  Roach x5  
  50  5:35  Drone  
  50  5:49  Zergling x2  
  51  5:50  Zergling x2  
  51  5:51  Zergling x2, Overlord x2  
  47  6:05  Baneling x6  
  47  6:08  Roach x2  
  47  6:09  Overlord  
  47  6:11  Zergling x2  
  52  6:31  Zergling x4, Roach x2  
  52  6:32  Zergling x4  
  56  6:38  Baneling  
  51  6:49  Roach x4  
  51  6:50  Roach  
  58  6:58  Baneling x3  
  58  6:59  Drone  
  59  7:15  Drone x3  
  62  7:17  Extractor  
  61  7:23  Extractor  
  61  7:27  Zergling x2  
  61  7:28  Zergling x4  
  63  7:34  Glial Reconstitution  
  50  8:08  Drone x2  
  50  8:09  Drone x4  
  50  8:11  Drone  
  52  8:19  Drone x2  
  54  8:34  Drone x2  
  54  8:35  Drone x6  
  62  8:43  Baneling x3  
  62  8:44  Baneling  
  61  9:16  Roach x3  
  67  9:17  Overlord  
  67  9:18  Overlord x6  
  67  9:24  Spine Crawler  
  66  9:25  Spine Crawler  
  66  9:29  Spine Crawler  
  66  9:30  Spine Crawler  
  63  9:33  Spine Crawler  
  63  9:37  Extractor  
Show
View Real Time Build Order
Export as new Build Order

Massa Terran 

Build Orders:  

Get SALT Encoding   

  12  0:01  SCV  
  13  0:13  SCV  
  14  0:17  Supply Depot  
  14  0:25  SCV  
  15  0:39  SCV  
  16  0:43  Refinery  
  16  1:02  Barracks  
  16  1:03  Barracks  
  16  1:08  SCV  
  17  1:20  SCV  
  17  1:23  Refinery  
  18  1:32  SCV  
  20  1:48  Orbital Command  
  20  1:50  Reaper  
  20  1:51  Reaper  
  21  2:16  SCV  
  21  2:19  Supply Depot  
  22  2:29  SCV  
  23  2:41  Reaper x2  
  25  3:13  Reaper x2  
  26  3:22  SCV  
  27  3:34  Command Center  
  25  4:19  Orbital Command  
  25  4:48  Orbital Command  
  21  5:19  Barracks Reactor, Barracks Tech Lab  
  19  5:28  Refinery  
  19  5:29  Refinery  
  19  5:38  Barracks  
  19  5:43  Factory  
  17  6:27  SCV x2  
  19  6:39  SCV x2  
  21  6:43  Supply Depot  
  21  6:47  Factory, Supply Depot  
  21  6:51  SCV  
  22  6:58  SCV  
  23  7:01  Supply Depot  
  23  7:02  Engineering Bay  
  23  7:03  SCV  
  23  7:04  Barracks Tech Lab  
  24  7:08  Barracks Reactor  
  24  7:11  SCV  
  25  7:15  SCV  
  25  7:22  Factory  
  25  7:23  SCV  
  25  7:24  Marauder  
  26  7:33  Terran Infantry Weapons Level 1  
  26  7:45  Marauder  
  28  7:59  Barracks Tech Lab  
  18  8:20  Marine  
  18  8:21  Marine  
  13  8:30  SCV  
  13  8:31  SCV  
  8  8:38  Marine  
  8  8:40  Marauder  
  8  8:43  SCV x2  
  8  8:46  Hellion  
  11  8:55  SCV x2  
  12  8:59  Factory Tech Lab  
  12  9:00  Barracks Tech Lab  
  12  9:01  Marauder  
  13  9:04  Bunker  
  13  9:08  Hellion  
  16  9:16  Command Center  
  13  9:23  Marauder x2  
  17  9:29  Widow Mine  
Show
View Real Time Build Order
Export as new Build Order

Greywolf Protoss - Winner!

Build Orders:  

Get SALT Encoding   

  12  0:01  Probe (Chrono Boost)  
  13  0:09  Probe (Chrono Boost)  
  14  0:15  Probe  
  15  0:22  Pylon  
  15  0:40  Probe  
  15  0:41  Gateway  
  16  0:44  Assimilator  
  16  0:56  Probe  
  17  1:08  Pylon  
  17  1:11  Gateway  
  17  1:23  Probe  
  18  1:33  Assimilator  
  18  1:35  Probe  
  19  1:41  Cybernetics Core  
  19  1:50  Forge  
  19  1:57  Pylon  
  19  2:01  Probe  
  20  2:23  Stalker  
  20  2:24  Shield Battery  
  22  2:35  Photon Cannon  
  22  2:43  Stalker  
  24  2:48  Probe  
  24  3:01  Pylon  
  24  3:17  Pylon  
  24  3:22  Photon Cannon  
  24  3:24  Pylon  
  24  3:37  Photon Cannon  
  24  3:38  Probe  
  24  3:40  Warp Gate (Chrono Boost)  
  25  3:54  Probe  
  25  3:55  Stalker  
  27  4:06  Probe  
  28  4:11  Photon Cannon  
  26  4:54  Probe  
  27  5:03  Gateway  
  27  5:05  Gateway  
  27  5:08  Pylon  
  27  5:13  Probe  
  28  5:15  Robotics Facility  
  28  5:29  Photon Cannon  
  28  5:41  Probe  
  29  5:54  Nexus  
  29  6:11  Warp Prism  
  31  6:21  Pylon  
  31  6:31  Twilight Council  
  31  6:37  Stalker  
  33  6:53  Probe  
  34  6:59  Pylon  
  34  7:01  Assimilator  
  34  7:02  Gateway  
  34  7:04  Observer  
  35  7:15  Shield Battery  
  35  7:17  Shield Battery  
  33  7:53  Charge (Chrono Boost)  
  33  7:54  Dark Shrine  
  33  7:57  Gateway  
  33  8:00  Zealot x3  
  37  8:28  Stalker x4  
  45  8:42  Probe  
  46  9:14  Probe  
  47  9:17  Dark Templar x2  
  47  9:19  Dark Templar  
  53  9:26  Probe  
  54  9:52  Dark Templar x5  
Show
View Real Time Build Order
Export as new Build Order

Sefa Zerg - Winner!

Build Orders: Hatch First 

Get SALT Encoding   

  12  0:01  Drone  
  13  0:13  Overlord  
  13  0:17  Drone  
  14  0:32  Drone x2  
  14  0:35  Drone  
  17  0:52  Hatchery  
  17  0:55  Drone  
  17  0:59  Drone  
  18  1:10  Extractor  
  17  1:14  Spawning Pool  
  16  1:21  Drone  
  16  1:22  Drone  
  18  1:42  Drone  
  19  2:02  Zergling x6  
  19  2:05  Queen, Zergling x2  
  19  2:06  Queen  
  27  2:14  Zergling x2  
  28  2:18  Overlord  
  28  2:23  Baneling Nest  
  28  2:24  Zergling x2  
  27  2:49  Zergling x10  
  31  2:56  Zergling x2  
  31  3:03  Zergling x2  
  32  3:10  Zergling x2  
  31  3:15  Zergling x2  
  31  3:20  Baneling x2  
  30  3:34  Metabolic Boost  
  30  3:39  Zergling x2  
  30  3:40  Zergling x8  
  35  3:52  Drone  
  35  3:54  Overlord  
  35  3:55  Overlord  
  29  4:15  Zergling x6  
  29  4:16  Zergling x6  
  35  4:24  Drone x3  
  35  4:25  Drone  
  39  4:32  Drone  
  39  4:39  Drone x4  
  39  4:44  Drone  
  38  5:20  Drone x9  
  47  5:27  Extractor  
  46  5:29  Zergling x8  
  46  5:33  Overlord x3  
  50  5:40  Zergling x2  
  51  5:50  Queen  
  52  5:58  Zergling x6  
  55  6:07  Zergling x8  
  55  6:08  Zergling x4  
  55  6:10  Drone  
  62  6:12  Baneling x5  
  57  6:36  Roach Warren  
  57  6:37  Spore Crawler  
  43  7:00  Overlord x3  
  43  7:08  Extractor, Drone x3  
  47  7:19  Roach  
  49  7:23  Lair  
  49  7:25  Roach x2  
  49  7:29  Baneling x7  
  51  7:30  Baneling x5  
  51  7:31  Hatchery, Roach  
  51  7:33  Roach x2  
  51  7:34  Roach x2  
  60  7:48  Roach x2  
  64  7:53  Roach  
  64  7:54  Roach  
  64  8:11  Roach  
  64  8:12  Roach x3  
  70  8:14  Roach  
  70  8:16  Roach  
  74  8:22  Queen  
  74  8:25  Hydralisk Den, Roach  
  79  8:27  Roach  
  79  8:31  Drone x3  
  82  8:37  Roach x2  
  86  8:45  Drone  
  86  8:48  Roach x2  
  91  8:53  Evolution Chamber  
  91  8:54  Evolution Chamber  
  89  8:56  Roach  
  89  8:58  Queen  
  89  9:02  Roach x4  
  101  9:04  Drone x2  
  105  9:10  Roach  
  105  9:24  Extractor  
  105  9:28  Drone  
  105  9:30  Overlord x4  
Tags
 
Add a new tag
Caveats
  • Supply blocks, unpowered buildings, or Contaminate may cause inaccurate times.
  • Supply counts are checked every 10 seconds.